 Dungeon Crawl Stone Soup version 0.22-a0-601-gb0ed703ee0 (webtiles) character file.

1791685 GordonOverkill the Conqueror (level 27, 273/273 HPs)
             Began as a Hill Orc Gladiator on July 7, 2018.
             Was the Champion of Makhleb.
             Escaped with the Orb
             ... and 3 runes!
             The game lasted 02:27:53 (64520 turns).

GordonOverkill the Conqueror (Hill Orc Gladiator)  Turns: 64520, Time: 02:27:54

Health: 273/273    AC: 53    Str: 28    XL:     27
Magic:  30/30      EV: 14    Int:  8    God:    Makhleb [******]
Gold:   2115       SH: 21    Dex: 11    Spells: 26/26 levels left

rFire    + + .     SeeInvis +   b - +7 broad axe (chop)
rCold    + + +     Gourm    +   v - +2 shield
rNeg     + + +     Faith    .   H - +11 gold dragon scales
rPois    +         Spirit   .   c - +1 helmet
rElec    +         Reflect  .   s - +0 cloak of Didas {rElec rN++ Dex-2}
rCorr    .         Harm     .   F - +2 pair of gloves of Rotation {*Drain rN+ SInv}
MR       ++...                  l - +2 pair of boots
Stlth    ..........             i - amulet of the gourmand
HPRegen  0.55/turn              B - ring "Plog" {+Blink rF+ rC+ rN+++ Dex-3}
MPRegen  0.22/turn              Q - ring of poison resistance

@: no status effects
A: fangs 1, thin metallic scales 1, blurry vision 2, cold resistance 2, poison
resistance, inhibited regeneration, strong 1, wild magic 1
0: Orb of Zot
}: 3/15 runes: decaying, abyssal, gossamer
a: Minor Destruction, Lesser Servant of Makhleb, Major Destruction, Greater
Servant of Makhleb, Renounce Religion, Evoke Blink


You escaped.
You worshipped Makhleb.
Makhleb was exalted by your worship.
You were very full.

You visited 9 branches of the dungeon, and saw 46 of its levels.
You visited the Abyss 2 times.
You also visited: Trove, Sewer and Ice Cave.

You collected 6269 gold pieces.
You spent 4154 gold pieces at shops.

Inventory:

Hand Weapons
 a - a +4 broad axe of flaming
 b - a +7 broad axe of chopping (weapon)
 g - a +1 antimagic broad axe
 C - a +9 broad axe of draining
Missiles
 d - 7 throwing nets (quivered)
Armour
 c - a +1 helmet (worn)
 l - a +2 pair of boots (worn)
 s - the +0 cloak of Didas (worn) {rElec rN++ Dex-2}
   (You bought it in a shop on level 3 of the Depths)

   It affects your dexterity (-2).
   It insulates you from electricity.
   It greatly protects you from negative energy.
 v - a +2 shield (worn)
 F - the +2 pair of gloves of Rotation (worn) {*Drain rN+ SInv}
   (You found it on level 4 of the Depths)

   It protects you from negative energy.
   It lets you see invisible.
   It causes draining when unequipped.
 H - +11 gold dragon scales (worn)
Jewellery
 i - an amulet of the gourmand (around neck)
 q - an uncursed ring of protection from magic
 B - the ring "Plog" (left hand) {+Blink rF+ rC+ rN+++ Dex-3}
   (You found it on level 2 of the Vaults)

   [ring of protection from fire]

   It affects your dexterity (-3).
   It protects you from fire.
   It protects you from cold.
   It renders you almost immune to negative energy.
   It lets you blink.
 Q - a ring of poison resistance (right hand)
Wands
 e - a wand of paralysis (52)
 n - a wand of acid (45)
 p - a wand of iceblast (23)
 G - a wand of clouds (23)
 K - a wand of polymorph (8)
 N - a wand of digging (9)
 R - a wand of scattershot (12)
 W - a wand of enslavement (14)
 Z - a wand of flame (23)
Scrolls
 r - 18 scrolls of teleportation
 t - 29 scrolls of remove curse
 w - 6 scrolls of silence
 y - 9 scrolls of blinking
 M - 3 scrolls of magic mapping
 P - 6 scrolls of fog
 S - 11 scrolls of fear
 V - 4 scrolls of identify
 X - a scroll of summoning
 Y - a scroll of holy word
Potions
 h - 15 potions of curing
 j - 9 potions of flight
 k - 4 potions of agility
 o - 2 potions of haste
 u - 7 potions of ambrosia
 x - 2 potions of heal wounds
 z - 11 potions of berserk rage
 A - 2 potions of resistance
 D - 2 potions of might
 I - 4 potions of magic
 J - 4 potions of lignification
 L - 3 potions of brilliance
 O - 2 potions of invisibility
Comestibles
 f - 73 rations


   Skills:
 O Level 27 Fighting
 - Level 18.0 Axes
 - Level 2.0 Throwing
 O Level 27 Armour
 + Level 16.6 Dodging
 O Level 27 Shields
 - Level 10.0 Invocations
 - Level 5.1 Evocations


You had 26 spell levels left.
You didn't know any spells.
Your spell library contained the following spells:

 Spells                   Type           Power        Failure   Level  Hunger
 Cause Fear               Hex            #.........   100%        4    #####..
 Magic Dart               Conj           #...         96%         1    ##.....
 Apportation              Tloc           #.....       96%         1    ##.....
 Conjure Flame            Conj/Fire      #.......     100%        3    ####...
 Bolt of Cold             Conj/Ice       #.........   100%        6    #######
 Lightning Bolt           Conj/Air       #.........   100%        5    ######.
 Bolt of Magma            Conj/Fire/Erth #.........   100%        5    ######.
 Slow                     Hex            #.......     99%         2    ###....
 Confuse                  Hex            #.......     100%        3    ####...
 Throw Frost              Conj/Ice       #.....       99%         2    ###....
 Freezing Cloud           Conj/Ice/Air   #.........   100%        6    #######
 Mephitic Cloud           Conj/Pois/Air  #.......     100%        3    ####...
 Ring of Flames           Chrm/Fire      #.........   100%        7    #######
 Venom Bolt               Conj/Pois      #.........   100%        5    ######.
 Olgreb's Toxic Radiance  Pois           #.......     100%        4    #####..
 Summon Small Mammal      Summ           #...         96%         1    ##.....
 Bolt of Draining         Conj/Necr      #.........   100%        5    ######.
 Iskenderun's Mystic Bla  Conj           #.......     100%        4    #####..
 Animate Skeleton         Necr           N/A          96%         1    ##.....
 Freeze                   Ice            #...         96%         1    ##.....
 Ozocubu's Refrigeration  Ice            #.........   100%        6    #######
 Sticky Flame             Conj/Fire      #.......     100%        4    #####..
 Summon Ice Beast         Ice/Summ       #.......     100%        4    #####..
 Ozocubu's Armour         Chrm/Ice       #.......     100%        3    ####...
 Call Imp                 Summ           #.......     99%         2    ###....
 Dispel Undead            Necr           #.......     100%        5    ######.
 Sting                    Conj/Pois      #...         96%         1    ##.....
 Sublimation of Blood     Necr           #.........   99%         2    ###....
 Tukima's Dance           Hex            #.......     100%        3    ####...
 Summon Demon             Summ           #.........   100%        5    ######.
 Corpse Rot               Necr           N/A          99%         2    ###....
 Iron Shot                Conj/Erth      #.........   100%        6    #######
 Stone Arrow              Conj/Erth      #.....       100%        3    ####...
 Shock                    Conj/Air       #...         96%         1    ##.....
 Swiftness                Chrm/Air       #.......     99%         2    ###....
 Recall                   Summ/Tloc      N/A          100%        3    ####...
 Agony                    Necr           #.......     100%        5    ######.
 Spider Form              Tmut/Pois      #.........   100%        3    ####...
 Blade Hands              Tmut           #.........   100%        5    ######.
 Statue Form              Tmut/Erth      #........    100%        6    #######
 Ice Form                 Ice/Tmut       #.......     100%        4    #####..
 Throw Icicle             Conj/Ice       #.......     100%        4    #####..
 Airstrike                Air            #.........   100%        4    #####..
 Shadow Creatures         Summ           N/A          100%        6    #######
 Confusing Touch          Hex            #.....       96%         1    ##.....
 Passwall                 Tmut/Erth      #.......     99%         2    ###....
 Sticks to Snakes         Tmut           #.......     99%         2    ###....
 Call Canine Familiar     Summ           #.......     100%        3    ####...
 Ensorcelled Hibernation  Hex/Ice        #.....       99%         2    ###....
 Metabolic Englaciation   Hex/Ice        #.........   100%        5    ######.
 Summon Butterflies       Summ           #.......     96%         1    ##.....
 Silence                  Hex/Air        #.........   100%        5    ######.
 Static Discharge         Conj/Air       #.......     100%        3    ####...
 Corona                   Hex            #......      96%         1    ##.....
 Lee's Rapid Deconstruct  Erth           #.........   100%        5    ######.
 Sandblast                Erth           #.....       96%         1    ##.....
 Simulacrum               Ice/Necr       #.........   100%        6    #######
 Excruciating Wounds      Chrm/Necr      #.........   100%        5    ######.
 Portal Projectile        Hex/Tloc       #.....       100%        3    ####...
 Petrify                  Tmut/Erth      #.......     100%        4    #####..
 Orb of Destruction       Conj           #.........   100%        7    #######
 Leda's Liquefaction      Hex/Erth       #.........   100%        4    #####..
 Summon Hydra             Summ           #.........   100%        7    #######
 Darkness                 Hex            #.........   100%        6    #######
 Shroud of Golubria       Chrm/Tloc      #.........   99%         2    ###....
 Inner Flame              Hex/Fire       #.......     100%        3    ####...
 Aura of Abjuration       Summ           #.........   100%        5    ######.
 Beastly Appendage        Tmut           #.....       96%         1    ##.....
 Iskenderun's Battlesphe  Conj/Chrm      #.......     100%        5    ######.
 Fulminant Prism          Conj/Hex       #.........   100%        4    #####..
 Dazzling Spray           Conj/Hex       #.....       100%        3    ####...
 Force Lance              Conj/Tloc      #.......     100%        4    #####..
 Spectral Weapon          Hex/Chrm       #.......     100%        3    ####...
 Searing Ray              Conj           #.....       99%         2    ###....
 Summon Forest            Summ/Tloc      #.........   100%        5    ######.
 Summon Lightning Spire   Summ/Air       #.......     100%        4    #####..
 Summon Guardian Golem    Hex/Summ       #.......     100%        3    ####...
 Spellforged Servitor     Conj/Summ      #.........   100%        7    #######
 Summon Mana Viper        Hex/Summ       #.......     100%        5    ######.
 Poisonous Vapours        Pois/Air       #.....       99%         2    ###....
 Borgnjor's Vile Clutch   Necr/Erth      #.........   100%        5    ######.


Dungeon Overview and Level Annotations

Branches:
Dungeon (15/15)            Temple (0/1) D:4            Lair (6/6) D:8
  Swamp (4/4) Lair:4       Spider (4/4) Lair:2        Slime (0/5) Lair:5
    Orc (2/2) D:11            Elf (0/3) Orc:2        Vaults (4/5) D:13
  Crypt (0/3) Vaults:3     Depths (5/5) D:15           Hell (1/1)
    Dis (0/7) Hell            Geh (0/7) Hell            Coc (0/7) Hell
    Tar (0/7) Hell            Zot (5/5) Depths:5

Altars:
Ashenzari
Dithmenos
Elyvilon
Gozag
Hepliaklqana
Kikubaaqudgha
Makhleb
Nemelex Xobeh
Okawaru
Sif Muna
Trog
Uskayaw
Vehumet
Xom
Zin
Beogh
Jiyva

Shops:
D:4 (   D:5 [   D:8 :   D:14 :*[   Orc:1 (   Orc:2 ?}?((   Vaults:1 *
Vaults:2 [   Depths:3 =[!   Depths:5 [

Portals:
Hell: Depths:1 Depths:2 Depths:3 Depths:4 Depths:5
Abyss: Depths:3 Depths:4
Pandemonium: Depths:3
Ziggurat: Depths:4

Annotations:
Lair:5 exclusion: 4 oklob plants
Zot:2 1 transporter


Innate Abilities, Weirdness & Mutations

You have very sharp teeth.
You are partially covered in thin metallic scales. (AC +2)
Scrolls take you longer to read.
Your flesh is very cold resistant. (rC++)
Your system is resistant to poisons. (rPois)
You do not regenerate when monsters are visible.
Your muscles are strong. (Str +2)
Your spells are a little harder to cast, but a little more powerful.


Message History

The sixfirhy is severely wounded.
You slash the sixfirhy!
You kill the sixfirhy!
Makhleb accepts your kill.
You feel better.
No target in view!
No target in view!
There is an escape hatch in the floor here.
There is an open door here.
There is an open door here.
A rust devil comes into view.
You hit the rust devil.
The rust devil is moderately wounded.
You chop the rust devil into pieces!!!
You kill the rust devil!
Makhleb accepts your kill.
No target in view!
No target in view!
There is a staircase leading out of the dungeon here.
You have escaped!

###.#.......####.### #.# #.##
....#..............###.# #.#
###.#####.>#####.......# #.##
#........# ###.##.###### #...
######...#######.##......# #... #
#....................# ##.# #
#..P#≈#P.....P#≈#P...# #.# ####
##.P##≈##P...P##≈##P.## #.#
...###...≈≈≈≈≈..@..≈≈≈≈≈..# #.#
.#.##...P##≈##P...P##≈##P.#####..
....+....P#≈#P.....P#≈#P.........
.#.##.....................####...
##.###.......####.#.#...### #.##
...# ##.....## #.#....## #.##
#### ##...## #.#.#.## #.# ###
##'## #.#.#.# #.# ..# #.# #.#.#.#
#.#


There were no monsters in sight!

Vanquished Creatures
  6 ancient liches
  Mara (Depths:2)
  A pandemonium lord (Depths:1)
  7 orbs of fire
  The ghost of Aban Veq the Metallomancer, an adept GrEE of Vehumet (Vaults:2)
  3 caustic shrikes
  3 curse toes
  4 Killer Klowns
  Geryon (Hell)
  8 golden dragons
  2 bone dragons (Zot:4)
  3 electric golems
  10 tentacled monstrosities
  Rupert (D:14)
  The ghost of Hibernaculum the Sharpshooter, an adept GnWz of Ashenzari (Vaults:2)
  4 liches
  5 titans
  9 quicksilver dragons
  29 Orb Guardians
  2 ancient champions (Hell)
  9 death cobs
  11 tentacled starspawn
  2 Executioners (Abyss:3)
  Gastronok (Lair:3)
  2 thorn hunters
  Kirke (Spider:1)
  15 shadow dragons
  10 sphinxes
  22 storm dragons
  3 tengu reavers
  6 draconian monks
  5 draconian knights
  10 fire giants
  8 vault wardens
  5 iron dragons
  11 frost giants
  7 draconian scorchers
  8 ghost moths
  A deep elf sorcerer (Depths:4)
  16 ironheart preservers
  A warmonger (Depths:1)
  7 emperor scorpions
  A balrug (Abyss:3)
  3 draconian shifters
  An angel (Abyss:3)
  3 cacodemons
  Aizul (Spider:1)
  4 draconian stormcallers
  6 spriggan defenders
  7 reapers
  3 draconian annihilators
  22 stone giants
  4 vampire knights
  An entropy weaver (Spider:3)
  13 very ugly things
  11 green draconians
  An ophan (Abyss:3)
  3 war gargoyles
  8 black draconians
  A deep elf demonologist (Vaults:1)
  5 spark wasps
  2 lorocyprocas
  15 white draconians
  12 yellow draconians
  11 purple draconians
  22 red draconians
  7 ettins
  Snorg (Lair:3)
  A green death (Abyss:3)
  15 fire dragons
  A deep elf death mage (Vaults:2)
  22 yaktaur captains
  7 rakshasas
  12 great orbs of eyes
  12 ice dragons
  Erolcha (D:11)
  2 peacekeepers (Vaults:4)
  A quicksilver dragon skeleton (Abyss:3)
  Fannar (D:12)
  5 vault guards
  3 catoblepae
  21 hydras
  10 spriggan air magi
  3 death knights
  3 ghost crabs
  Erica (D:8)
  44 two-headed ogres
  17 alligators
  19 thrashing horrors
  8 centaur warriors
  3 death yaks (Lair:4)
  16 ogre magi
  12 deep troll earth magi
  10 deep troll shamans
  9 tengu warriors
  8 hell hogs
  11 spriggan berserkers
  A vampire mage (Depths:3)
  Urug (D:13)
  6 deep elf knights
  2 shadow wraiths
  Sonja (D:12)
  5 soul eaters
  3 sun demons
  16 hell knights
  Nergalle (Orc:2)
  11 wretched stars (Abyss:3)
  A spark wasp zombie (Depths:2)
  2 iron trolls
  2 iron golems (Hell)
  5 sixfirhies
  A death drake (Abyss:3)
  20 deep trolls
  25 skeletal warriors
  2 spriggan druids
  6 spatial maelstroms (Abyss:3)
  2 torturous demonspawn (Depths:1)
  28 large abominations
  2 anaconda zombies (Hell)
  11 glowing orange brains
  6 unseen horrors
  3 lindwurms
  4 flayed ghosts
  Pikel (D:5)
  A shambling mangrove (Swamp:1)
  18 ironbrand convokers
  2 tengu zombies (Depths:2)
  9 orc knights
  7 wizards
  13 swamp dragons
  7 necromancers
  6 harpies
  5 deep elf archers
  20 orb spiders
  32 ugly things
  A manticore (D:15)
  9 orc sorcerers (Orc:2)
  An oklob plant (Lair:3)
  5 deep elf magi
  A tengu skeleton (D:15)
  5 cyclopes
  3 worldbinders (Abyss:3)
  43 wolf spiders
  A stone giant zombie (Vaults:4)
  A sphinx skeleton (Vaults:3)
  A guardian serpent (Abyss:3)
  37 moths of wrath
  2 centaur zombies
  A guardian serpent (shapeshifter) (Depths:4)
  A frost giant skeleton (D:15)
  A stone giant skeleton (Vaults:4)
  2 torpor snails
  3 molten gargoyles
  Joseph (D:10)
  A human skeleton (Vaults:3)
  11 vault sentinels
  2 ice statues (IceCv)
  A dire elephant zombie (Abyss:3)
  2 black mambas
  An eye of devastation (shapeshifter) (Depths:2)
  8 spiny frogs
  11 rust devils
  3 apocalypse crabs
  6 orange demons
  6 gargoyles
  17 smoke demons
  5 kobold demonologists
  A hellion (Hell)
  12 rime drakes
  3 komodo dragons
  2 spiny frogs (shapeshifter)
  6 demonic crawlers
  An efreet (Abyss:3)
  7 ice devils
  6 catoblepas skeletons (Abyss:3)
  7 freezing wraiths
  56 yaktaurs
  A guardian mummy (D:15)
  6 tengu conjurers
  11 ancient zymes
  A golden dragon simulacrum (Depths:2)
  5 red devils
  A queen bee (Lair:5)
  2 trolls (shapeshifter)
  A meliai (shapeshifter) (Depths:5)
  9 meliai
  26 tyrant leeches
  A hornet (shapeshifter) (Depths:5)
  10 trolls
  31 jumping spiders
  A shadow dragon simulacrum (Vaults:3)
  The ghost of Fandomethor the Schismatic, an amateur DsAK of Lugonu (D:4)
  7 polar bears
  4 dream sheep
  A saltling (Vaults:4)
  A tengu simulacrum (Vaults:4)
  22 raiju
  26 hornets
  Grinder (D:5)
  3 bog bodies
  A blink frog (shapeshifter) (Vaults:3)
  11 hippogriffs
  A snapping turtle (shapeshifter) (Depths:3)
  42 slime creatures
  An alligator zombie (Hell)
  4 blink frogs (Abyss:3)
  An ettin zombie (D:15)
  10 ynoxinuls (Abyss:3)
  6 wraiths
  2 air elementals (Abyss:3)
  3 flying skulls (Abyss:3)
  63 redbacks
  23 tarantellas
  38 starcursed masses
  An ettin skeleton (Vaults:4)
  2 water elementals (Hell)
  2 shadows (D:15)
  25 spriggans
  23 small abominations
  A yak (shapeshifter) (Abyss:3)
  2 wyverns
  3 hogs (Spider:1)
  4 fire elementals (Hell)
  6 basilisks
  20 humans (D:13)
  3 hungry ghosts
  5 golden eyes
  28 yaks
  A basilisk (shapeshifter) (Vaults:3)
  19 chaos spawn
  19 vampire mosquitoes
  A fire bat (Abyss:3)
  18 neqoxecs
  6 steam dragons
  8 spatial vortices (Abyss:3)
  2 harpy simulacra
  2 wargs
  20 swamp worms
  11 hell hounds (Abyss:3)
  Edmund (D:5)
  10 water moccasins
  4 acid dragons
  A hydra simulacrum (Hell)
  9 porcupines
  A water moccasin (shapeshifter) (Vaults:4)
  5 floating eyes
  A floating eye (shapeshifter) (Depths:4)
  Duvessa (D:5)
  29 orc warriors
  A sky beast (shapeshifter) (Vaults:3)
  2 eyes of draining
  2 ettin simulacra (Abyss:3)
  An eye of draining (shapeshifter) (Depths:3)
  Purgy (Sewer)
  2 spiny frog skeletons (Hell)
  An alligator simulacrum (Hell)
  12 ice beasts
  3 sky beasts
  8 black bears
  16 swamp drakes
  A necrophage (D:11)
  63 ogres
  4 boggarts
  A human zombie (Vaults:3)
  20 wolves (Lair:6)
  3 phantoms
  38 centaurs
  12 crocodiles
  5 big kobolds
  15 bullfrogs
  A yaktaur skeleton (D:15)
  7 earth elementals (Abyss:3)
  Dowan (D:5)
  A spiny frog simulacrum (Hell)
  A water moccasin zombie (D:5)
  4 scorpions
  29 killer bees
  3 howler monkeys
  8 crimson imps
  5 quasits
  5 jellies
  A bullfrog zombie (D:11)
  4 centaur skeletons
  7 hounds
  12 orc priests
  38 orc wizards
  4 bullfrog skeletons
  4 iron imps
  Jessica (D:3)
  Terence (D:2)
  2 iguanas
  13 hell rats
  8 worker ants
  An ogre zombie (D:9)
  An ogre skeleton (Abyss:3)
  A hound skeleton (D:10)
  2 worker ant zombies
  4 gnolls (D:4)
  A howler monkey skeleton (D:11)
  12 adders
  4 shadow imps
  A white imp (Abyss:3)
  4 ufetubi (Abyss:3)
  An ooze (D:1)
  6 worms
  A dart slug (D:2)
  11 leopard geckos
  78 orcs
  6 ball pythons
  4 giant cockroaches
  6 goblins
  8 hobgoblins
  5 jackals
  7 quokkas
  6 bats
  3 frilled lizards
  14 kobolds
  A quokka zombie (D:6)
  13 rats
  A bush (Lair:3)
  8 fungi
  3 lurking horrors (Abyss:3)
  3 plants
  13 starspawn tentacles
  A withered plant (D:15)
2563 creatures vanquished.

Vanquished Creatures (collateral kills)
  A caustic shrike (Depths:4)
  A Killer Klown (Zot:4)
  A tengu reaver (Depths:5)
  An ice dragon (Depths:5)
4 creatures vanquished.

Vanquished Creatures (others)
  A lich (Depths:2)
  A storm dragon (Zot:3)
  A fire giant (Vaults:3)
  A hydra (Swamp:1)
  A tengu warrior (Depths:5)
  An alligator (Swamp:3)
  A spriggan berserker (Depths:5)
  An unseen horror (Vaults:1)
  A spriggan druid (Swamp:4)
  An orb spider (Abyss:3)
  An ugly thing (IceCv)
  A raiju (Abyss:3)
  A small abomination (Abyss:3)
  3 slaves (D:5)
  A swamp drake (Swamp:4)
  A crimson imp (D:11)
  3 orc wizards
  9 fungi
  3 lurking horrors (Abyss:3)
  19 plants
  25 starspawn tentacles (Abyss:3)
77 creatures vanquished.

Grand Total: 2644 creatures vanquished

Notes
Turn   | Place    | Note
-------+----------+-------------------------------------------
     0 | D:1      | GordonOverkill the Hill Orc Gladiator began the quest for the Orb.
     0 | D:1      | Reached XP level 1. HP: 18/18 MP: 1/1
   264 | D:1      | Reached XP level 2. HP: 22/25 MP: 2/2
   804 | D:1      | Reached XP level 3. HP: 30/31 MP: 3/3
  1505 | D:2      | Reached skill level 5 in Axes
  1561 | D:2      | Reached XP level 4. HP: 34/38 MP: 4/4
  1566 | D:2      | Noticed Terence
  1572 | D:2      | Killed Terence
  2372 | D:3      | Found a hide-covered altar of Uskayaw.
  2465 | D:3      | Reached skill level 1 in Shields
  2587 | D:3      | Found a radiant altar of Vehumet.
  2588 | D:3      | Found a shimmering altar of Xom.
  2589 | D:3      | Found an iron altar of Okawaru.
  2591 | D:3      | Found a burning altar of Makhleb.
  2601 | D:3      | Became a worshipper of Makhleb the Destroyer
  2618 | D:3      | Noticed Jessica
  2629 | D:3      | Killed Jessica
  2629 | D:3      | Reached skill level 1 in Invocations
  2629 | D:3      | Reached XP level 5. HP: 40/45 MP: 5/5
  2960 | D:3      | Found a faded altar of an unknown god.
  3208 | D:4      | Found Lunges's Antique Weapon Emporium.
  3216 | D:4      | Bought a bloodstained morningstar for 234 gold pieces
  3216 | D:4      | Identified the +5 morningstar "Veah" {freeze, rN+ Int-4 Dex+2} (You bought it in a shop on level 4 of the Dungeon)
  3407 | D:4      | Reached XP level 6. HP: 49/51 MP: 7/7
  3451 | D:4      | Found a runed door.
  3455 | D:4      | Noticed Fandomethor's ghost (amateur DsAK)
  3481 | D:4      | Found a staircase to the Ecumenical Temple.
  3856 | D:4      | Reached XP level 7. HP: 39/57 MP: 9/9
  4245 | D:5      | Entered Level 5 of the Dungeon
  4245 | D:5      | Noticed Duvessa
  4245 | D:5      | Noticed Dowan
  4306 | D:5      | Reached * piety under Makhleb
  4316 | D:5      | Found a shadowy altar of Dithmenos.
  4316 | D:5      | Found Imoacuf's Antique Armour Shoppe.
  4343 | D:5      | Found a glowing drain.
  4403 | Sewer    | Entered a sewer
  4407 | Sewer    | Noticed Purgy
  4419 | Sewer    | Killed Purgy
  4573 | D:5      | Noticed Pikel
  4576 | D:5      | Noticed Edmund
  4588 | D:5      | Killed Pikel
  4588 | D:5      | Reached XP level 8. HP: 63/63 MP: 10/10
  4592 | D:5      | Killed Edmund
  4701 | D:5      | Killed Duvessa
  4701 | D:5      | Reached skill level 10 in Axes
  4712 | D:5      | Killed Dowan
  5328 | D:5      | Found an opulent altar of Gozag.
  5545 | D:6      | Reached ** piety under Makhleb
  5553 | D:6      | Reached XP level 9. HP: 69/69 MP: 11/11
  5623 | D:5      | Noticed Grinder
  5634 | D:5      | Killed Grinder
  5874 | D:6      | You fall through a shaft for 3 floors!
  6225 | D:7      | Found a hazy altar of Hepliaklqana.
  6262 | D:7      | Noticed a moth of wrath
  6265 | D:7      | Found a bloodstained altar of Trog.
  6481 | D:7      | HP: 3/69 [orc warrior/halberd (11)]
  6911 | D:6      | Found a deep blue altar of Sif Muna.
  7327 | D:7      | Found a glowing silver altar of Zin.
  7445 | D:8      | Reached XP level 10. HP: 77/77 MP: 12/12
  7453 | D:8      | Found a staircase to the Lair.
  7459 | D:8      | Reached skill level 10 in Shields
  7764 | D:8      | Noticed Erica
  7776 | D:8      | Killed Erica
  7821 | D:8      | Reached *** piety under Makhleb
  8142 | D:8      | Reached skill level 15 in Axes
  8187 | D:8      | Noticed a two-headed hydra
  8193 | D:8      | Killed a two-headed hydra
  8196 | D:8      | Reached skill level 1 in Armour
  8267 | D:8      | Found Cupnats's Book Shoppe.
  8283 | D:8      | Reached XP level 11. HP: 35/82 MP: 13/13
  9060 | D:9      | Noticed a two-headed ogre
  9060 | D:9      | Noticed a two-headed ogre
  9060 | D:9      | Noticed a two-headed ogre
  9072 | D:9      | Killed a two-headed ogre
  9072 | D:9      | Reached skill level 5 in Armour
  9077 | D:9      | Killed a two-headed ogre
  9086 | D:9      | Killed a two-headed ogre
  9171 | D:9      | Noticed a two-headed ogre
  9172 | D:9      | Noticed a two-headed ogre
  9196 | D:9      | Killed a two-headed ogre
  9198 | D:9      | Reached **** piety under Makhleb
  9239 | D:9      | Noticed an ogre mage
  9242 | D:9      | Noticed a two-headed ogre
  9248 | D:9      | Killed an ogre mage
  9255 | D:9      | Killed a two-headed ogre
  9255 | D:9      | Reached skill level 5 in Fighting
  9407 | D:9      | Killed a two-headed ogre
  9706 | D:10     | Entered Level 10 of the Dungeon
  9746 | D:9      | Reached XP level 12. HP: 65/101 MP: 14/14
  9922 | D:10     | Noticed Joseph
  9947 | D:10     | Killed Joseph
 10097 | D:10     | Found a sparkling altar of Nemelex Xobeh.
 10311 | D:10     | Reached skill level 10 in Fighting
 10776 | D:4      | Killed Fandomethor's ghost
 10920 | Lair:1   | Entered Level 1 of the Lair of Beasts
 10982 | Lair:1   | Found a frozen archway.
 11010 | IceCv    | Entered an ice cave
 11025 | IceCv    | Reached ***** piety under Makhleb
 11174 | IceCv    | Found a transporter.
 11192 | IceCv    | Found a transporter.
 12240 | Lair:2   | Identified a scroll of acquirement
 12243 | Lair:2   | Got an ichor-stained executioner's axe
 12250 | Lair:2   | Identified the +3 executioner's axe of Utouff {holy, rC+ Int+4 SInv} (You acquired it on level 2 of the Lair of Beasts)
 12365 | Lair:2   | Found a hole to the Spider Nest.
 12581 | Lair:3   | Reached skill level 10 in Armour
 13083 | Lair:3   | Reached XP level 13. HP: 69/116 MP: 15/15
 13281 | Lair:3   | Noticed Gastronok
 13302 | Lair:3   | Killed Gastronok
 13343 | Lair:3   | Noticed Snorg
 13363 | Lair:3   | Killed Snorg
 14532 | Lair:4   | Found a staircase to the Swamp.
 15381 | Lair:5   | Found a staircase to the Slime Pits.
 15381 | Lair:5   | Found a viscous altar of Jiyva.
 15906 | Lair:6   | Entered Level 6 of the Lair of Beasts
 16832 | Lair:6   | Reached XP level 14. HP: 115/124 MP: 16/16
 16849 | Lair:6   | Reached ****** piety under Makhleb
 17162 | Lair:6   | Reached skill level 15 in Shields
 17627 | Lair:6   | Reached skill level 5 in Dodging
 18452 | D:11     | Noticed Erolcha
 18461 | D:11     | Killed Erolcha
 18830 | D:11     | Found a staircase to the Orcish Mines.
 19058 | D:12     | Noticed Fannar
 19072 | D:12     | Killed Fannar
 19362 | D:12     | Noticed Sonja
 19371 | D:12     | Killed Sonja
 19860 | D:13     | Noticed Urug
 19871 | D:13     | Killed Urug
 20355 | D:13     | Reached XP level 15. HP: 130/130 MP: 17/17
 20425 | D:13     | Found a gate to the Vaults.
 20652 | D:14     | Noticed Rupert
 20667 | D:14     | Killed Rupert
 20698 | D:14     | Found Pefydoam's Armour Shop.
 20748 | D:14     | Found Didyesamm's General Store.
 20759 | D:14     | Bought a scroll of fear for 49 gold pieces
 20759 | D:14     | Bought a scroll of blinking for 105 gold pieces
 20759 | D:14     | Bought a potion of might for 56 gold pieces
 20759 | D:14     | Bought a wand of digging (8) for 336 gold pieces
 20939 | D:14     | Found Zaeps's Book Shop.
 21208 | Orc:1    | Entered Level 1 of the Orcish Mines
 21417 | Orc:1    | Found Orghuqu's Antique Weapon Shop.
 21522 | Orc:2    | Entered Level 2 of the Orcish Mines
 21910 | Orc:2    | Found a staircase to the Elven Halls.
 22036 | Orc:2    | Found Joempael's Antique Weapon Boutique.
 22100 | Orc:2    | Found an ancient bone altar of Kikubaaqudgha.
 22101 | Orc:2    | Noticed Nergalle
 22116 | Orc:2    | Killed Nergalle
 22141 | Orc:2    | Found Jitzib's Antique Weapon Boutique.
 22166 | Orc:2    | Found a radiant altar of Vehumet.
 22214 | Orc:2    | Found a roughly hewn altar of Beogh.
 22214 | Orc:2    | Found Ycoxoh's Magic Scroll Boutique.
 22215 | Orc:2    | Found Tegae's Gadget Shop.
 22225 | Orc:2    | Reached skill level 15 in Fighting
 22258 | Orc:2    | Bought a scroll of remove curse for 48 gold pieces
 22258 | Orc:2    | Bought a scroll of teleportation for 48 gold pieces
 22258 | Orc:2    | Bought a scroll of blinking for 120 gold pieces
 22258 | Orc:2    | Bought a scroll of enchant armour for 120 gold pieces
 22258 | Orc:2    | Bought 3 scrolls of enchant weapon for 360 gold pieces
 22258 | Orc:2    | Bought a scroll of enchant weapon for 120 gold pieces
 22426 | Orc:2    | Found Omoz Biump's Magic Scroll Shoppe.
 22429 | Orc:2    | Bought a scroll of teleportation for 36 gold pieces
 22429 | Orc:2    | Bought a scroll of teleportation for 36 gold pieces
 22770 | D:15     | Entered Level 15 of the Dungeon
 23071 | D:15     | Found a staircase to the Depths.
 23247 | D:15     | Reached XP level 16. HP: 149/149 MP: 18/18
 23720 | D:14     | Bought the +2 helmet "Leroj" {*Slow rPois rCorr Str+3} for 512 gold pieces
 23956 | Swamp:1  | Entered Level 1 of the Swamp
 26636 | Swamp:3  | Found the +5 robe of Night {Dark MR+ SInv}
 27052 | Swamp:4  | Entered Level 4 of the Swamp
 27174 | Swamp:4  | Reached XP level 17. HP: 163/163 MP: 19/19
 28210 | Swamp:4  | Identified Nyggusch's Disquisition on Gliding Changing
 28227 | Swamp:4  | Got a decaying rune of Zot
 28952 | D:5      | Bought a pair of runed boots for 232 gold pieces
 28952 | D:5      | Bought an encrusted chain mail for 294 gold pieces
 28967 | D:5      | Identified the +1 chain mail of Ykauf {Int+4 Stlth+} (You bought it in a shop on level 5 of the Dungeon)
 29312 | Spider:1 | Entered Level 1 of the Spider Nest
 29607 | Spider:1 | Noticed Aizul
 29622 | Spider:1 | Killed Aizul
 30191 | Spider:1 | Reached skill level 10 in Dodging
 30201 | Spider:1 | Noticed Kirke
 30214 | Spider:1 | Killed Kirke
 31159 | Spider:2 | Reached XP level 18. HP: 178/178 MP: 2/20
 32146 | Spider:4 | Entered Level 4 of the Spider Nest
 33621 | Spider:4 | Got a gossamer rune of Zot
 34000 | Vaults:1 | Entered Level 1 of the Vaults
 34039 | Vaults:1 | Reached skill level 15 in Armour
 34231 | Vaults:1 | Reached XP level 19. HP: 177/185 MP: 21/21
 34278 | Vaults:1 | Identified the +7 battleaxe "Xebius" {flame, rN+ Str+3} (You took it off an ironheart preserver on level 1 of the Vaults)
 34687 | Vaults:1 | Found Xoed's Assorted Antiques.
 34695 | Vaults:1 | Bought a scroll of fear for 87 gold pieces
 34695 | Vaults:1 | Bought a scroll of teleportation for 75 gold pieces
 34695 | Vaults:1 | Bought a scroll of blinking for 187 gold pieces
 34695 | Vaults:1 | Bought a potion of haste for 250 gold pieces
 34695 | Vaults:1 | Bought a scroll of enchant armour for 187 gold pieces
 34695 | Vaults:1 | Bought a potion of curing for 75 gold pieces
 34912 | Vaults:1 | Found a portal to a secret trove of treasure.
 35704 | Vaults:2 | Reached skill level 15 in Dodging
 35932 | Vaults:2 | Got an ancient steel ring
 36320 | Vaults:2 | Reached XP level 20. HP: 195/195 MP: 10/22
 36813 | Vaults:2 | Found Watecs's Armour Shop.
 37062 | Vaults:2 | Found a runed gate.
 37062 | Vaults:2 | Found a runed gate.
 37063 | Vaults:2 | Found a runed gate.
 37141 | Vaults:2 | Noticed Aban Veq's ghost (adept GrEE)
 37141 | Vaults:2 | Noticed Hibernaculum's ghost (adept GnWz)
 37170 | Vaults:2 | Killed Aban Veq's ghost
 37175 | Vaults:2 | Killed Hibernaculum's ghost
 37181 | Vaults:2 | Got a warped brass amulet
 37200 | Vaults:2 | Got a pair of ichor-stained gloves
 37202 | Vaults:2 | Identified the +2 pair of gloves of Pyseij {rF+ Int+5 Dex-4 Stlth+} (You acquired it on level 2 of the Vaults)
 37203 | Vaults:2 | Identified the ring "Plog" {+Blink rF+ rC+ rN+++ Dex-3} (You found it on level 2 of the Vaults)
 37204 | Vaults:2 | Identified the amulet "Uzeiz" {Harm *Drain Str-5 Int+9} (You found it on level 2 of the Vaults)
 37210 | Vaults:2 | Got a pair of twisted boots
 37212 | Vaults:2 | Identified the +0 pair of boots "Taivvomo" {rC+ rN+} (You acquired it on level 2 of the Vaults)
 37624 | Vaults:3 | Found a staircase to the Crypt.
 39216 | Vaults:4 | Reached XP level 21. HP: 213/213 MP: 23/23
 40989 | Depths:1 | Entered Level 1 of the Depths
 41168 | Depths:1 | Found a shattered altar of Ashenzari.
 41625 | Depths:1 | Found a gateway to Hell.
 41856 | Depths:2 | Noticed Mara
 41880 | Depths:2 | Noticed GordonOverkill's illusion
 42272 | Depths:2 | Noticed GordonOverkill's illusion
 42293 | Depths:2 | Killed Mara
 42662 | Depths:2 | Found a large runed door.
 42666 | Depths:2 | Found a large runed door.
 42670 | Depths:2 | Found a large runed door.
 42671 | Depths:2 | Found a large runed door.
 42671 | Depths:2 | Found a large runed door.
 42721 | Depths:2 | Reached XP level 22. HP: 200/231 MP: 24/24
 43019 | Depths:2 | Found a large runed door.
 43338 | Depths:2 | Found a large runed door.
 43389 | Depths:2 | Found a large runed door.
 43472 | Depths:3 | Found Caunt's Distillery.
 43472 | Depths:3 | Found Zubios's Antique Armour Boutique.
 43481 | Depths:3 | Reached skill level 27 in Fighting
 43507 | Depths:3 | Reached skill level 5 in Invocations
 43834 | Depths:3 | Found Cimo's Book Boutique.
 43837 | Depths:3 | Bought a warped cloak for 247 gold pieces
 43837 | Depths:3 | Identified the +0 cloak of Didas {rElec rN++ Dex-2} (You bought it in a shop on level 3 of the Depths)
 43851 | Depths:3 | Found Gexorourch's Jewellery Boutique.
 43853 | Depths:3 | Bought a potion of heal wounds for 100 gold pieces
 43853 | Depths:3 | Bought a potion of agility for 80 gold pieces
 43853 | Depths:3 | Bought a potion of mutation for 160 gold pieces
 43996 | Depths:3 | Found a one-way gate to the infinite horrors of the Abyss.
 44242 | Depths:3 | Reached skill level 10 in Invocations
 44544 | Depths:3 | Noticed a caustic shrike
 44566 | Depths:3 | Killed a caustic shrike
 44573 | Depths:3 | Paralysed by a floating eye for 4 turns
 44621 | Depths:3 | Noticed an ancient lich
 44840 | Depths:3 | Killed an ancient lich
 45131 | Depths:3 | Found a one-way gate leading to the halls of Pandemonium.
 45569 | Depths:4 | Reached XP level 23. HP: 240/240 MP: 30/30
 45620 | Depths:4 | Found a gateway to a ziggurat.
 46029 | Depths:4 | Found a shadowy altar of Dithmenos.
 46029 | Depths:4 | Found a white marble altar of Elyvilon.
 46236 | Depths:4 | Found a shimmering altar of Xom.
 46684 | Depths:4 | Paralysed by a floating eye for 2 turns
 46691 | Depths:4 | Paralysed by a floating eye for 2 turns
 46964 | Depths:4 | Noticed a caustic shrike
 47005 | Depths:4 | Killed a caustic shrike
 47423 | Depths:4 | Got a pair of transparent gloves
 47425 | Depths:4 | Identified the +2 pair of gloves of Rotation {*Drain rN+ SInv} (You found it on level 4 of the Depths)
 47482 | Depths:4 | Gained mutation: Scrolls take you a little longer to read. [a shining eye]
 47554 | Depths:4 | Noticed a golden dragon
 47572 | Depths:4 | Killed a golden dragon
 47641 | Depths:4 | Noticed a caustic shrike
 47653 | Depths:4 | Killed a caustic shrike
 47653 | Depths:4 | Reached XP level 24. HP: 101/249 MP: 30/30
 48057 | Depths:5 | Entered Level 5 of the Depths
 48082 | Depths:5 | Noticed a caustic shrike
 48082 | Depths:5 | Reached skill level 1 in Evocations
 48107 | Depths:5 | Killed a caustic shrike
 48121 | Depths:5 | Paralysed by a floating eye for 3 turns
 48125 | Depths:5 | Paralysed by a floating eye for 3 turns
 48418 | Depths:5 | Paralysed by a floating eye for 2 turns
 48872 | Depths:4 | Reached skill level 5 in Evocations
 49074 | Depths:5 | Paralysed by a floating eye for 3 turns
 49085 | Depths:5 | Paralysed by a floating eye for 3 turns
 49098 | Depths:5 | Paralysed by a floating eye for 4 turns
 49437 | Depths:5 | Found Revaq's Armour Emporium.
 49909 | Depths:5 | Found a gate to the Realm of Zot.
 50418 | Hell     | Entered the Vestibule of Hell
 50421 | Hell     | Noticed Geryon
 50893 | Hell     | Found a gateway to the freezing wastes of Cocytus.
 51268 | Hell     | Reached XP level 25. HP: 257/257 MP: 30/30
 51441 | Hell     | Cast into level 2 of the Abyss (skeletal warrior)
 51603 | Abyss:3  | Gained mutation: Scrolls take you longer to read. [a neqoxec]
 51611 | Abyss:3  | Gained mutation: You do not regenerate when monsters are visible. [a neqoxec]
 51611 | Abyss:3  | Paralysed by accursed screaming for 1 turns
 51614 | Abyss:3  | Gained mutation: You are partially covered in large bone plates. (SH +4) [a neqoxec]
 51902 | Abyss:3  | Got a jewelled plate armour
 51905 | Abyss:3  | Identified the +1 plate armour of the Orb {Str+3} (You found it on level 3 of the Abyss)
 52067 | Abyss:3  | Lost mutation: Scrolls take you longer to read. [potion of mutation]
 52067 | Abyss:3  | Lost mutation: Scrolls take you a little longer to read. [potion of mutation]
 52067 | Abyss:3  | Gained mutation: Your skin changes colour to match your surroundings (Stealth+). [potion of mutation]
 52067 | Abyss:3  | Gained mutation: You are occasionally teleported next to monsters. [potion of mutation]
 52067 | Abyss:3  | Gained mutation: Your flesh is cold resistant. (rC+) [potion of mutation]
 52068 | Abyss:3  | Lost mutation: Your flesh is cold resistant. (rC+) [potion of mutation]
 52068 | Abyss:3  | Lost mutation: You do not regenerate when monsters are visible. [potion of mutation]
 52068 | Abyss:3  | Lost mutation: Your skin changes colour to match your surroundings (Stealth+). [potion of mutation]
 52068 | Abyss:3  | Gained mutation: Potions are less effective at restoring your health. [potion of mutation]
 52068 | Abyss:3  | Gained mutation: You are agile. (Dex +2) [potion of mutation]
 52069 | Abyss:3  | Lost mutation: Potions are less effective at restoring your health. [potion of mutation]
 52069 | Abyss:3  | Lost mutation: You are partially covered in large bone plates. (SH +4) [potion of mutation]
 52069 | Abyss:3  | Lost mutation: You are agile. (Dex +2) [potion of mutation]
 52069 | Abyss:3  | Gained mutation: You occasionally shout uncontrollably at your foes. [potion of mutation]
 52069 | Abyss:3  | Gained mutation: You are resistant to hostile enchantments. (MR+) [potion of mutation]
 52069 | Abyss:3  | Gained mutation: You possess an exceptional clarity of mind. [potion of mutation]
 52070 | Abyss:3  | Lost mutation: You are resistant to hostile enchantments. (MR+) [potion of mutation]
 52070 | Abyss:3  | Lost mutation: You possess an exceptional clarity of mind. [potion of mutation]
 52070 | Abyss:3  | Gained mutation: You are resistant to electric shocks. (rElec) [potion of mutation]
 52070 | Abyss:3  | Gained mutation: You are clumsy. (Dex -2) [potion of mutation]
 52070 | Abyss:3  | Gained mutation: You have a pair of small horns on your head. [potion of mutation]
 52071 | Abyss:3  | Lost mutation: You occasionally shout uncontrollably at your foes. [potion of mutation]
 52071 | Abyss:3  | Lost mutation: You have a pair of small horns on your head. [potion of mutation]
 52071 | Abyss:3  | Lost mutation: You are resistant to electric shocks. (rElec) [potion of mutation]
 52071 | Abyss:3  | Lost mutation: You are clumsy. (Dex -2) [potion of mutation]
 52071 | Abyss:3  | Gained mutation: Your spells are a little easier to cast, but a little less powerful. [potion of mutation]
 52071 | Abyss:3  | Gained mutation: You occasionally shout uncontrollably at your foes. [potion of mutation]
 52071 | Abyss:3  | Gained mutation: You tend to lose your temper in combat. [potion of mutation]
 52071 | Abyss:3  | Gained mutation: You have a pair of small horns on your head. [potion of mutation]
 52072 | Abyss:3  | Lost mutation: Your spells are a little easier to cast, but a little less powerful. [potion of mutation]
 52072 | Abyss:3  | Lost mutation: You have a pair of small horns on your head. [potion of mutation]
 52072 | Abyss:3  | Lost mutation: You are occasionally teleported next to monsters. [potion of mutation]
 52072 | Abyss:3  | Gained mutation: You are robust. (+10% HP) [potion of mutation]
 52072 | Abyss:3  | Gained mutation: Your mind is acute. (Int +2) [potion of mutation]
 52073 | Abyss:3  | Lost mutation: You occasionally shout uncontrollably at your foes. [potion of mutation]
 52073 | Abyss:3  | Lost mutation: Your mind is acute. (Int +2) [potion of mutation]
 52073 | Abyss:3  | Gained mutation: You are partially covered in molten scales. (AC +2) [potion of mutation]
 52073 | Abyss:3  | Gained mutation: Your flesh is cold resistant. (rC+) [potion of mutation]
 52073 | Abyss:3  | Gained mutation: Your body sometimes deteriorates upon taking damage. [potion of mutation]
 52073 | Abyss:3  | Lost mutation: You tend to lose your temper in combat. [potion of mutation]
 52166 | Abyss:3  | Paralysed by accursed screaming for 2 turns
 52173 | Abyss:3  | Lost intelligence.
 52221 | Abyss:3  | Lost intelligence.
 52555 | Abyss:3  | Gained mutation: You tend to lose your temper in combat. [a neqoxec]
 52558 | Abyss:3  | Gained mutation: You do not regenerate when monsters are visible. [a neqoxec]
 52565 | Abyss:3  | Gained mutation: You often lose your temper in combat. [a neqoxec]
 52569 | Abyss:3  | Gained mutation: You are clumsy. (Dex -2) [a neqoxec]
 52573 | Abyss:3  | Gained mutation: You have an uncontrollable temper. [a neqoxec]
 52627 | Abyss:3  | Lost mutation: You have an uncontrollable temper. [potion of mutation]
 52627 | Abyss:3  | Lost mutation: You often lose your temper in combat. [potion of mutation]
 52627 | Abyss:3  | Lost mutation: You do not regenerate when monsters are visible. [potion of mutation]
 52627 | Abyss:3  | Gained mutation: You are agile. (Dex +2) [potion of mutation]
 53020 | Abyss:3  | Got an abyssal rune of Zot
 53323 | Abyss:3  | Gained mutation: Your magical capacity is low. (-10% MP) [a cacodemon]
 53734 | Abyss:3  | Reached XP level 26. HP: 269/292 MP: 27/27
 53854 | Abyss:3  | Found a snail-covered altar of Cheibriados.
 54027 | Hell     | Escaped the Abyss
 54203 | Hell     | Found a gateway to the decaying netherworld of Tartarus.
 54376 | Hell     | Killed Geryon
 54490 | Hell     | Lost mutation: Your magical capacity is low. (-10% MP) [potion of mutation]
 54490 | Hell     | Lost mutation: You are partially covered in molten scales. (AC +2) [potion of mutation]
 54490 | Hell     | Lost mutation: You are robust. (+10% HP) [potion of mutation]
 54490 | Hell     | Gained mutation: Scrolls take you a little longer to read. [potion of mutation]
 54490 | Hell     | Gained mutation: Your muscles are strong. (Str +2) [potion of mutation]
 54491 | Hell     | Lost mutation: You tend to lose your temper in combat. [potion of mutation]
 54491 | Hell     | Lost mutation: Your body sometimes deteriorates upon taking damage. [potion of mutation]
 54491 | Hell     | Lost mutation: Scrolls take you a little longer to read. [potion of mutation]
 54491 | Hell     | Lost mutation: Your muscles are strong. (Str +2) [potion of mutation]
 54491 | Hell     | Lost mutation: You are agile. (Dex +2) [potion of mutation]
 54491 | Hell     | Gained mutation: You are partially covered in yellow scales. (AC +2) [potion of mutation]
 54491 | Hell     | Gained mutation: Your flesh is very cold resistant. (rC++) [potion of mutation]
 54535 | Hell     | Found a gateway to the ashen valley of Gehenna.
 54624 | Hell     | Found a gateway to the Iron City of Dis.
 55067 | Vaults:1 | You paid a toll of the horn of Geryon to enter a treasure trove
 55068 | Trove    | Entered a treasure trove
 55110 | Trove    | Identified Feerot's Reference Book on Good Luck and Attacks
 55498 | Zot:1    | Entered Level 1 of the Realm of Zot
 56120 | Zot:1    | Reached skill level 27 in Armour
 58064 | Zot:2    | Found a transporter.
 58065 | Zot:2    | Found a deep blue altar of Sif Muna.
 58280 | Zot:2    | Noticed an ancient lich
 58328 | Zot:3    | Reached XP level 27. HP: 273/273 MP: 30/30
 61313 | Zot:4    | Identified the Catalogue of Benedictions and the Entourage
 61326 | Zot:4    | Noticed an ancient lich
 61354 | Zot:4    | Killed an ancient lich
 61388 | Zot:4    | Noticed an orb of fire
 61393 | Zot:4    | Gained mutation: You are very clumsy. (Dex -4) [an orb of fire]
 61436 | Zot:4    | Gained mutation: Scrolls take you a little longer to read. [an orb of fire]
 61439 | Zot:4    | Killed an orb of fire
 62004 | Zot:5    | Entered Level 5 of the Realm of Zot
 62666 | Zot:5    | Noticed an ancient lich
 62666 | Zot:5    | Noticed an orb of fire
 62695 | Zot:5    | Killed an orb of fire
 62702 | Zot:5    | Killed an ancient lich
 62791 | Zot:5    | Noticed an orb of fire
 62794 | Zot:5    | Noticed an orb of fire
 62806 | Zot:5    | Gained mutation: Potions are less effective at restoring your health. [an orb of fire]
 62810 | Zot:5    | Killed an orb of fire
 62815 | Zot:5    | Killed an orb of fire
 62830 | Zot:5    | Found the +8 orange crystal plate armour {Archmagi, Int+3 Clar}
 62852 | Zot:5    | Noticed an ancient lich
 62868 | Zot:5    | Killed an ancient lich
 62891 | Zot:5    | Noticed an orb of fire
 62910 | Zot:5    | Gained mutation: Armour fits poorly on your strangely shaped body. [an orb of fire]
 62911 | Zot:5    | Killed an orb of fire
 62944 | Zot:5    | Noticed an ancient lich
 62960 | Zot:5    | Killed an ancient lich
 62995 | Zot:5    | Noticed an orb of fire
 63029 | Zot:5    | Gained mutation: You tend to lose your temper in combat. [an orb of fire]
 63037 | Zot:5    | Killed an orb of fire
 63086 | Zot:5    | Noticed an ancient lich
 63098 | Zot:5    | Cast into level 5 of the Abyss (an ancient lich)
 63098 | Abyss:5  | Entered Level 5 of the Abyss
 63098 | Abyss:5  | Found a corrupted altar of Lugonu.
 63172 | Abyss:5  | Reached skill level 27 in Shields
 63252 | Zot:5    | Escaped the Abyss
 63254 | Zot:5    | Noticed an orb of fire
 63259 | Zot:5    | Gained mutation: Your spells are a little easier to cast, but a little less powerful. [an orb of fire]
 63273 | Zot:5    | Killed an ancient lich
 63279 | Zot:5    | Gained mutation: Scrolls take you longer to read. [an orb of fire]
 63280 | Zot:5    | Gained mutation: Your magical capacity is low. (-10% MP) [an orb of fire]
 63290 | Zot:5    | Gained mutation: Your system is resistant to poisons. (rPois) [an orb of fire]
 63302 | Zot:5    | Killed an orb of fire
 63469 | Zot:5    | Lost mutation: You are very clumsy. (Dex -4) [potion of mutation]
 63469 | Zot:5    | Lost mutation: Scrolls take you longer to read. [potion of mutation]
 63469 | Zot:5    | Lost mutation: Armour fits poorly on your strangely shaped body. [potion of mutation]
 63469 | Zot:5    | Gained mutation: You are weak. (Str -2) [potion of mutation]
 63469 | Zot:5    | Gained mutation: You are partially covered in thin metallic scales. (AC +2) [potion of mutation]
 63470 | Zot:5    | Lost mutation: Scrolls take you a little longer to read. [potion of mutation]
 63470 | Zot:5    | Lost mutation: You are weak. (Str -2) [potion of mutation]
 63470 | Zot:5    | Lost mutation: You are partially covered in yellow scales. (AC +2) [potion of mutation]
 63470 | Zot:5    | Lost mutation: Potions are less effective at restoring your health. [potion of mutation]
 63470 | Zot:5    | Lost mutation: You are clumsy. (Dex -2) [potion of mutation]
 63470 | Zot:5    | Gained mutation: Your mind is acute. (Int +2) [potion of mutation]
 63471 | Zot:5    | Lost mutation: Your mind is acute. (Int +2) [potion of mutation]
 63471 | Zot:5    | Lost mutation: You tend to lose your temper in combat. [potion of mutation]
 63471 | Zot:5    | Lost mutation: Your spells are a little easier to cast, but a little less powerful. [potion of mutation]
 63471 | Zot:5    | Lost mutation: Your magical capacity is low. (-10% MP) [potion of mutation]
 63471 | Zot:5    | Gained mutation: Your spells are a little harder to cast, but a little more powerful. [potion of mutation]
 63471 | Zot:5    | Gained mutation: You have very sharp teeth. [potion of mutation]
 63471 | Zot:5    | Gained mutation: Scrolls take you a little longer to read. [potion of mutation]
 63471 | Zot:5    | Gained mutation: Your muscles are strong. (Str +2) [potion of mutation]
 63693 | Zot:5    | Got the Orb of Zot
 63947 | Depths:1 | Noticed Zeocam the pandemonium lord
 63969 | Depths:1 | Paralysed by Zeocam for 7 turns
 63985 | Depths:1 | Killed Zeocam the pandemonium lord
 64181 | D:9      | Gained mutation: You do not regenerate when monsters are visible. [a cacodemon]
 64433 | D:2      | Gained mutation: Scrolls take you longer to read. [a cacodemon]
 64520 | D:$      | Escaped with the Orb!

Vault maps used:
D:1:      eino_arrival_water_cross
D:2:      first_ration, uniq_terence
D:3:      kennysheep_six_static_rooms, lemuel_doored_altar,
          grunt_temple_overflow_open, chequers_ecumenical_altar_twisty,
          uniq_jessica
D:4:      temple_hall, serial_shops, nicolae_shop_stone,
          ebering_ghost_reflecting_pool, kennysheep_doodads
D:5:      lemuel_crystal_altar, nicolae_overflow_hidden_temple, serial_shops,
          shop, portal_sewer_entry_a, uniq_edmund, uniq_pikel, uniq_grinder,
          uniq_duvessa
D:6:      kennysheep_orc_sif_temple
D:7:      old_standard_altar, overflow_temple_1_default, tgw_trog
D:8:      due_lair_maze_entry_diamond, serial_shops,
          nicolae_shop_competitors_out_of_business, hangedman_ranch, uniq_erica
D:9:      lemuel_ogre_cave
D:10:     nemelex_diamond_rough_becter, uniq_joseph
D:11:     david_orc_1_choice, kennysheep_generic_room_15, uniq_erolcha
D:12:     uniq_sonja, uniq_fannar
D:13:     grunt_vaults_entry_tiered, uniq_urug
D:14:     serial_shops, kennysheep_mini_moat, kennysheep_little_box, shop,
          hangedman_abyss_or_decor_stabs, minmay_crystal_room, uniq_rupert
D:15:     gammafunk_depths_entry_grave, nicolae_lava_and_water
Lair:1:   portal_ice_cave_entry_pillars_2
Lair:2:   dummy_spider_entry, minivault_11
Lair:3:   st_stairs_7, serial_bayou_pond_e, minmay_lair_oklob_bushes,
          grunt_megastairs_1, uniq_snorg, uniq_gastronok
Lair:4:   beast_lair_carwin_large_1, minmay_swamp_entry_worms,
          serial_bayou_shore_a
Lair:5:   slime_altar_1, minmay_lair_oklob_chamber
Lair:6:   minmay_lair_end_enchanted_forest, special_room,
          bobbens_dragon_lair_wall
Swamp:1:  infiniplex_staircase_pool
Swamp:2:  nicolae_swamp_fairy_circle
Swamp:3:  nicolae_swamp_treefoil
Swamp:4:  swamp_alternative, swamp_pool2, worms_lemuel
Spider:1: uniq_kirke, uniq_aizul
Spider:3: hangedman_spider_mandibles, nicolae_spider_stair_cavern
Spider:4: spider_rune_water
Orc:1:    serial_shops, shop_statue
Orc:2:    kennysheep_orc_mage_school, serial_shops, nicolae_shop_behind_doors
Vaults:1: st_check, v_misc_9, v_misc_3, ontoclasm_vaults_bender,
          grunt_vaults_bifocal, ontoclasm_vaults_twist, v_pattern_1, v_misc_19,
          enter_trove_0, serial_shops, shop_statue
Vaults:2: gammafunk_vaults_ghost_cemetery, v_misc_26,
          nicolae_vaults_stairing_the_circle, v_misc_29, ontoclasm_vaults_shout,
          nicolae_vaults_twisting_passages, vaults_room_fours,
          vaults_room_door_ring, vaults_dpeg_encased_lava, vaults_room_hallway,
          nicolae_vaults_shelves_hall, v_misc_22, serial_shops, shop,
          mu_enter_wizlab_5
Vaults:3: minmay_crypt_entry_simple_sparse, nicolae_vaults_little_squares_1,
          vaults_mumra_chevron, v_rooms_2, nicolae_vaults_three_branches,
          vaults_room_semicircle, grunt_vaults_funnel, grunt_vaults_trifunnel
Vaults:4: nicolae_vaults_little_ls, nicolae_vaults_angled_halls, v_misc_4,
          nicolae_vaults_network_periphery, nicolae_vaults_asterisk,
          ontoclasm_vaults_hangar, nicolae_vaults_network_barrier, v_misc_3,
          v_misc_3, nicolae_vaults_network_quinsquares, v_misc_13,
          nicolae_vaults_little_squares_3, nicolae_vaults_murderbox,
          vaults_room_pools, portal_desolation_entry_salt
Depths:1: grunt_hell_entry_dis_grunt, corexii_hall_statues_x,
          evilmike_ruin_ashenzari
Depths:2: minmay_five_octagons, serial_bayou_pond_a, pf_hell_entry_great_geh,
          infiniplex_staircase_diamond, uniq_mara
Depths:3: evilmike_diamond_1, rand_demon_pan_entry_9, abyss_entry,
          serial_sigils_hangedman_stare, pf_hell_entry_tar_spiral,
          minmay_shop_grid_forest, infiniplex_staircase_pool_2, firewood_loft
Depths:4: hangedman_slaughterboxes, abyss_entry, hell_entry
Depths:5: grunt_zot_entry_pinwheel, hell_entry, nicolae_benzene_ring,
          serial_shops, nicolae_shop_trees, onia_ninara_cookie
Zot:1:    grunt_twist_and_shout
Zot:2:    gammafunk_sealed_library
Zot:4:    hangedman_player_shredder
Abyss:3:  minivault_20
Abyss:5:  evilmike_abyss_exit_4, evilmike_abyss_exit_16,
          small_statue_intersection
Trove:    trove_library
Sewer:    kennysheep_door_sewer
IceCv:    ice_cave_statue_garden_transporter

Skill      XL: |  1  2  3  4  5  6  7  8  9 10 11 12 13 14 15 16 17 18 19 20 21 22 23 24 25 26 27 |
---------------+----------------------------------------------------------------------------------+-----
Throwing       | 2 |  2.0
Fighting       | 3 7 11 15 18 20 23 26 27 | 27.0
Dodging        | 3 8 9 11 13 15 16 | 16.6
Axes           | 5 6 7 9 10 12 16 17 18 | 18.0
Shields        | 1 2 3 6 7 9 10 14 15 19 27 | 27.0
Invocations    | 1 2 3 10 | 10.0
Armour         | 1 8 10 11 13 15 16 20 23 25 27 | 27.0
Evocations     | 5 |  5.1

Action                   |  1- 3 |  4- 6 |  7- 9 | 10-12 | 13-15 | 16-18 | 19-21 | 22-24 | 25-27 || total
-------------------------+-------+-------+-------+-------+-------+-------+-------+-------+-------++-------
Melee: War axe           |   110 |   113 |       |       |       |       |       |       |       ||   223
       Morningstar       |       |    57 |   264 |   367 |    26 |   117 |       |       |       ||   831
       Broad axe         |       |       |       |   186 |  1129 |  1387 |  1294 |  1558 |  3150 ||  8704
       Bite              |       |       |       |       |       |       |       |       |    18 ||    18
Throw: Throwing net      |       |     2 |     1 |     4 |       |       |       |     1 |       ||     8
Invok: Minor Destruction |       |       |       |     3 |       |       |       |       |       ||     3
       Lesser Servant of |       |       |       |       |       |       |       |     1 |     6 ||     7
       Greater Servant o |       |       |       |       |       |       |       |     1 |       ||     1
 Abil: Evoke Blink       |       |       |       |       |       |       |       |       |     1 ||     1
Evoke: Wand              |       |       |       |       |    13 |       |       |     4 |    12 ||    29
  Use: Scroll            |       |       |    15 |    14 |    10 |     7 |    14 |     6 |    24 ||    90
       Potion            |       |       |       |     4 |     1 |     1 |       |     4 |    48 ||    58
 Stab: Sleeping          |     1 |       |       |       |       |       |       |       |       ||     1
       Held in net/web   |       |       |     1 |     3 |       |       |       |       |       ||     4
       Petrified         |       |       |       |       |     3 |       |       |       |       ||     3
       Distracted        |       |       |       |       |     1 |       |     1 |     2 |     3 ||     7
       Confused          |       |       |       |       |       |     1 |       |       |       ||     1
       Paralysed         |       |       |       |       |       |       |       |       |     1 ||     1
  Eat: Chunk             |     2 |    17 |    12 |    23 |    33 |    37 |    28 |    29 |    32 ||   213
       Ration            |       |       |       |       |       |       |       |       |     5 ||     5
Armor: Leather armour    |    31 |       |       |       |       |       |       |       |       ||    31
       Scale mail        |       |    68 |       |       |       |       |       |       |       ||    68
       Chain mail        |       |       |   107 |   190 |   372 |   776 |   472 |   219 |       ||  2136
       Plate armour      |       |       |    14 |    89 |       |       |       |   614 |  1236 ||  1953
       Gold dragon scale |       |       |       |       |       |       |       |       |   434 ||   434
Dodge: Dodged            |    78 |    53 |    71 |   119 |   364 |   852 |   497 |   558 |  1201 ||  3793
Block: Shield            |       |    81 |   194 |   384 |   811 |  1298 |   874 |  1098 |  2151 ||  6891

Table legend:
 A = Spawn XP
 B = Non-spawn XP
 C = Spawn XP percentage of total XP
 D = Spawn monster count
 E = Non-spawn monster count
 F = Spawn count percentage of total count
 G = Total turns spent on level
                    A         B        C        D         E        F      G
               +---------+---------+-------+---------+---------+-------+---------
         Total |  118335 | 1548030 |   7.1 |     224 |    2296 |   8.9 | 64520
               +---------+---------+-------+---------+---------+-------+---------
           D:1 |       0 |      38 |   0.0 |       0 |      19 |   0.0 |  1172
           D:2 |       0 |     103 |   0.0 |       0 |      21 |   0.0 |  1119
           D:3 |       0 |      94 |   0.0 |       0 |      20 |   0.0 |  1082
           D:4 |       0 |     729 |   0.0 |       0 |      23 |   0.0 |  1203
           D:5 |       0 |    1724 |   0.0 |       0 |      30 |   0.0 |  1335
           D:6 |       0 |     593 |   0.0 |       0 |      11 |   0.0 |   604
           D:7 |       0 |    1122 |   0.0 |       0 |      19 |   0.0 |  1389
           D:8 |       0 |    5095 |   0.0 |       0 |      34 |   0.0 |  1260
           D:9 |       0 |    9067 |   0.0 |       0 |      36 |   0.0 |  1674
          D:10 |       0 |    4170 |   0.0 |       0 |      33 |   0.0 |  1002
          D:11 |       0 |    7631 |   0.0 |       0 |      60 |   0.0 |   889
          D:12 |       0 |    4974 |   0.0 |       0 |      29 |   0.0 |   824
          D:13 |       0 |   13852 |   0.0 |       0 |      46 |   0.0 |  1131
          D:14 |       0 |   12217 |   0.0 |       0 |      34 |   0.0 |   616
          D:15 |       0 |   15970 |   0.0 |       0 |      43 |   0.0 |  1044
        Lair:1 |       0 |    2311 |   0.0 |       0 |      14 |   0.0 |   586
        Lair:2 |       0 |    2040 |   0.0 |       0 |      11 |   0.0 |   790
        Lair:3 |       0 |    8175 |   0.0 |       0 |      15 |   0.0 |  1393
        Lair:4 |       0 |    6484 |   0.0 |       0 |      17 |   0.0 |   824
        Lair:5 |       0 |    4091 |   0.0 |       0 |      26 |   0.0 |  1761
        Lair:6 |       0 |   18645 |   0.0 |       0 |      81 |   0.0 |  1563
       Swamp:1 |       0 |   14782 |   0.0 |       0 |      33 |   0.0 |  1202
       Swamp:2 |       0 |   11252 |   0.0 |       0 |      34 |   0.0 |   874
       Swamp:3 |       0 |   24164 |   0.0 |       0 |      46 |   0.0 |  1802
       Swamp:4 |       0 |   30398 |   0.0 |       0 |      70 |   0.0 |   949
      Spider:1 |       0 |   16656 |   0.0 |       0 |      33 |   0.0 |  1342
      Spider:2 |       0 |   16423 |   0.0 |       0 |      40 |   0.0 |   886
      Spider:3 |       0 |   17920 |   0.0 |       0 |      50 |   0.0 |   946
      Spider:4 |       0 |   39273 |   0.0 |       0 |      84 |   0.0 |  1335
         Orc:1 |       0 |    1225 |   0.0 |       0 |      21 |   0.0 |   325
         Orc:2 |       0 |   10568 |   0.0 |       0 |      77 |   0.0 |  1165
      Vaults:1 |       0 |   55858 |   0.0 |       0 |      89 |   0.0 |  1789
      Vaults:2 |       0 |   59467 |   0.0 |       0 |      66 |   0.0 |  1704
      Vaults:3 |       0 |   51962 |   0.0 |       0 |      88 |   0.0 |  1675
      Vaults:4 |       0 |   66683 |   0.0 |       0 |     106 |   0.0 |  1876
      Depths:1 |       0 |   32154 |   0.0 |       0 |      41 |   0.0 |  1648
      Depths:2 |       0 |   61918 |   0.0 |       0 |      58 |   0.0 |  1241
      Depths:3 |       0 |   72005 |   0.0 |       0 |      71 |   0.0 |  1950
      Depths:4 |       0 |  151648 |   0.0 |       0 |     117 |   0.0 |  3540
      Depths:5 |       0 |   94129 |   0.0 |       0 |      83 |   0.0 |  2323
          Hell |       0 |   55984 |   0.0 |       0 |      88 |   0.0 |  1461
         Zot:1 |       0 |   61187 |   0.0 |       0 |      48 |   0.0 |  1306
         Zot:2 |       0 |   40834 |   0.0 |       0 |      25 |   0.0 |  1295
         Zot:3 |       0 |   74297 |   0.0 |       0 |      40 |   0.0 |  2238
         Zot:4 |       0 |   91623 |   0.0 |       0 |      41 |   0.0 |  1354
         Zot:5 |     862 |  226932 |   0.4 |       1 |      75 |   1.3 |  1565
       Abyss:2 |     571 |    1644 |  25.8 |       2 |       4 |  33.3 |    98
       Abyss:3 |  101400 |   44182 |  69.7 |     200 |     128 |  61.0 |  2488
       Abyss:5 |   15502 |    1015 |  93.9 |      21 |       2 |  91.3 |   154
         Sewer |       0 |     140 |   0.0 |       0 |       6 |   0.0 |   133
         IceCv |       0 |    2582 |   0.0 |       0 |      10 |   0.0 |   513
               +---------+---------+-------+---------+---------+-------+---------
